Map: Newkirk Precinct TE (Void)

Players

Musumeci

  • Race: Zerg Zerg
  • League: Diamond
  • Spawn Location: 7:00

sanerjiulong - Winner!

  • Race: Terran Terran
  • League: Diamond
  • Spawn Location: 5:00

VOD

Have the link to the VOD?

Description

Time

  • Played on: March 23, 2017, 6:58 p.m.
  • Length: 43:05
Show
View Real Time Build Order
Export as new Build Order

Musumeci Zerg 

Build Orders: Hatch First 

Get SALT Encoding   

  12  0:01  Drone  
  13  0:08  Drone  
  14  0:22  Extractor  
  14  0:23  Drone  
  15  0:45  Hatchery  
  14  0:50  Extractor  
  14  0:51  Drone  
  15  1:03  Spawning Pool  
  14  1:06  Extractor  
  13  1:18  Extractor  
  13  1:20  Drone x2  
  13  1:23  Extractor  
  13  1:24  Overlord  
  16  1:33  Extractor  
  15  1:42  Drone  
  15  1:43  Drone  
  15  1:44  Extractor  
  17  1:49  Queen  
  19  1:57  Queen  
  19  1:59  Extractor  
  19  2:00  Drone  
  22  2:03  Drone  
  22  2:07  Drone  
  25  2:25  Queen  
  28  2:30  Drone  
  28  2:35  Overlord  
  28  2:53  Queen  
  30  2:59  Drone x3  
  30  3:01  Drone  
  34  3:06  Hatchery  
  34  3:08  Drone x2  
  34  3:09  Drone  
  36  3:14  Extractor  
  36  3:16  Drone  
  36  3:19  Overlord  
  36  3:22  Extractor  
  36  3:23  Drone  
  36  3:31  Roach Warren  
  35  3:45  Drone, Evolution Chamber  
  35  3:46  Drone x3  
  35  3:47  Drone  
  39  3:48  Evolution Chamber  
  39  3:52  Drone x2  
  39  3:55  Drone  
  41  4:07  Overlord  
  41  4:16  Roach  
  43  4:19  Roach x3  
  43  4:22  Overlord  
  49  4:26  Roach  
  51  4:48  Drone  
  51  4:49  Drone x2  
  51  4:51  Lair  
  54  4:53  Zerg Missile Weapons Level 1  
  54  4:55  Drone  
  54  4:56  Drone x2, Extractor  
  56  5:10  Spore Crawler x2  
  54  5:15  Drone x2  
  54  5:18  Drone  
  54  5:19  Drone x2, Extractor  
  54  5:20  Overlord  
  54  5:21  Overlord x2  
  58  5:37  Zerg Ground Armor Level 1  
  58  5:41  Drone  
  59  5:43  Drone  
  59  5:44  Drone x2  
  59  5:45  Ravager x2  
  59  5:46  Roach x2  
  59  5:47  Roach  
  70  5:53  Roach x2  
  74  6:07  Glial Reconstitution  
  74  6:10  Overlord  
  74  6:11  Overlord x5  
  74  6:28  Overlord  
  74  6:29  Roach  
  74  6:30  Roach x6  
  88  6:33  Overlord  
  88  6:35  Ravager  
  88  6:39  Overseer  
  89  6:45  Overlord x2  
  89  6:48  Zerg Missile Weapons Level 2  
  89  6:51  Drone  
  89  6:52  Drone x2  
  92  7:05  Roach x5  
  92  7:06  Drone  
  92  7:07  Drone  
  104  7:14  Drone x4  
  104  7:15  Drone  
  109  7:21  Drone  
  109  7:22  Drone x3  
  113  7:31  Roach  
  113  7:32  Roach x3  
  121  7:52  Drone x5, Extractor  
  121  7:54  Extractor  
  124  8:08  Ravager x8  
  132  8:29  Hatchery  
  131  8:35  Roach  
  131  8:36  Roach x10  
  141  8:49  Roach x2  
  135  9:08  Infestation Pit, Zerg Ground Armor Level 2  
  134  9:20  Extractor  
  134  9:21  Drone  
  134  9:22  Drone x11  
  134  9:23  Extractor  
  144  9:32  Hatchery  
  144  9:36  Hatchery, Extractor  
  141  9:38  Extractor  
  141  9:40  Drone x3  
  141  9:41  Drone  
  141  9:42  Drone x6  
  150  9:46  Ravager x2  
  150  9:48  Overlord  
  152  9:59  Overlord x3  
  152  10:00  Overlord x2  
  152  10:13  Ravager  
  152  10:14  Ravager x7  
  160  10:20  Hatchery  
  115  10:45  Roach  
  115  10:46  Roach x19  
  146  10:51  Drone  
  146  10:52  Drone x6  
  153  11:01  Ravager x3  
  156  11:18  Extractor  
  156  11:23  Extractor  
  156  11:25  Hive  
  154  11:27  Tunneling Claws  
  154  11:30  Burrow  
  155  11:32  Ravager  
  155  11:33  Ravager x15  
  170  11:58  Roach x15  
  189  12:26  Roach x10  
  189  12:27  Roach x4  
  176  12:33  Ravager x4  
  176  12:34  Ravager  
  176  12:36  Ravager  
  176  12:37  Ravager x3  
  179  12:55  Drone  
  180  13:14  Extractor  
  180  13:19  Extractor  
  178  13:27  Roach  
  178  13:28  Roach x2  
  178  13:29  Roach  
  174  13:38  Roach  
  174  13:39  Roach x13  
  193  13:48  Ravager x10  
  196  13:49  Ravager  
  196  14:08  Roach x5  
  196  14:09  Roach x9  
  196  14:11  Ravager x2  
  196  14:12  Ravager  
  199  14:17  Pneumatized Carapace  
  190  14:42  Ravager x9  
  190  14:43  Ravager x3  
  196  14:51  Roach, Ravager x4  
  200  14:53  Roach x3  
  200  14:54  Roach  
  200  14:57  Overseer x2  
  197  15:11  Roach x17  
  193  15:16  Roach  
  193  15:17  Roach x6  
  194  15:22  Ravager x6  
  194  15:39  Roach x2  
  194  15:40  Roach x16  
  190  16:06  Ravager x9  
  190  16:07  Ravager  
  179  16:38  Spore Crawler  
  179  16:39  Spore Crawler x4  
  174  16:40  Spire, Spore Crawler x2  
  174  16:41  Spore Crawler  
  174  16:43  Spore Crawler x5  
  174  16:44  Ravager x9  
  174  16:45  Spore Crawler  
  173  16:52  Drone x9  
  182  16:59  Spore Crawler x3  
  182  17:00  Spore Crawler  
  178  17:03  Spore Crawler  
  90  17:38  Roach x12  
  90  17:39  Roach x5  
  124  17:58  Greater Spire  
  124  18:13  Spire  
  123  18:54  Corruptor x5  
  123  18:55  Corruptor x9  
  141  18:56  Corruptor x20  
  191  19:17  Viper  
  191  19:18  Viper x2  
  200  19:32  Roach x3  
  200  19:33  Roach x3, Evolution Chamber x2  
  200  19:34  Evolution Chamber  
  200  19:35  Evolution Chamber  
  182  19:48  Brood Lord x7  
  158  21:19  Roach x2  
  158  21:24  Ravager x3  
  158  21:25  Ravager  
  146  22:13  Brood Lord x3  
  146  22:14  Brood Lord x3  
  158  22:37  Drone  
  158  22:43  Roach x4  
  167  22:44  Infestor  
  167  22:45  Infestor x4  
  110  24:16  Pathogen Glands  
  110  24:23  Queen  
  110  24:24  Roach x10  
  132  24:31  Brood Lord x3  
  132  24:32  Brood Lord x2  
  132  24:34  Infestor x4  
  128  25:42  Roach x17  
  162  25:44  Ravager x3  
  162  25:45  Ravager x7  
  172  26:01  Zerg Melee Weapons Level 1  
  172  26:03  Adrenal Glands  
  172  26:05  Zerg Ground Armor Level 3  
  172  26:18  Brood Lord  
  172  26:19  Brood Lord x6  
  133  26:48  Roach x7  
  123  27:51  Roach x6  
  123  27:52  Roach x3  
  123  27:53  Ravager x11  
  150  28:21  Zerg Melee Weapons Level 2  
  150  28:23  Overlord x7  
  150  28:24  Metabolic Boost  
  141  29:22  Zergling x20  
  141  29:23  Zergling x30  
  139  30:01  Extractor x2  
  121  30:12  Hatchery  
  111  30:34  Zergling x2  
  111  30:35  Zergling x48  
  105  31:19  Zergling x24  
  105  31:20  Zergling x24  
  94  32:02  Zergling x2  
  94  32:03  Zergling x46  
  76  32:45  Zergling x30  
  76  32:46  Zergling x18  
  100  33:11  Spore Crawler x5  
  100  33:12  Spore Crawler x3  
  92  33:13  Spore Crawler  
  92  33:15  Spore Crawler  
  85  33:33  Zergling x2  
  85  33:34  Zergling x38  
  99  34:09  Zergling x2  
  104  34:10  Zergling x54  
  104  34:11  Zergling x2  
  128  34:26  Queen  
  128  34:28  Queen  
  128  34:52  Zergling x16  
  113  34:53  Zergling x36  
  64  35:54  Zergling x4  
  64  35:55  Zergling x56  
  64  35:56  Zergling x4  
  96  36:08  Spine Crawler  
  96  36:09  Spine Crawler  
  96  36:10  Spine Crawler  
  96  36:11  Spine Crawler x2  
  92  36:12  Spine Crawler x6  
  92  36:13  Spine Crawler x2  
  92  36:14  Spine Crawler x2  
  92  36:15  Spine Crawler x2  
  92  36:16  Spine Crawler  
  92  36:17  Spine Crawler x2  
  92  36:18  Spine Crawler  
  65  36:29  Zergling x2  
  65  36:30  Zergling x40  
  71  36:43  Spine Crawler  
  71  36:45  Spine Crawler x2  
  71  36:46  Spine Crawler  
  67  36:47  Spine Crawler  
  67  36:49  Spine Crawler  
  65  37:12  Zergling x2  
  65  37:13  Zergling x44  
  38  38:07  Zergling x2  
  38  38:08  Zergling x50  
  38  38:09  Zergling x4  
  66  38:19  Zergling x6  
  74  38:20  Zergling x12  
  74  38:25  Queen x3  
  74  38:26  Queen x4  
  60  39:01  Queen x4  
  43  42:02  Queen  
  43  42:04  Queen x4  
  43  42:05  Queen  
Show
View Real Time Build Order
Export as new Build Order

sanerjiulong Terran - Winner!

Build Orders: Mech 

Get SALT Encoding   

  12  0:01  SCV  
  13  0:13  SCV  
  14  0:19  Supply Depot  
  14  0:25  SCV  
  15  0:40  SCV  
  16  0:43  Barracks  
  16  0:52  SCV  
  17  1:04  SCV  
  18  1:17  SCV  
  19  1:32  Marine  
  21  1:34  Orbital Command  
  21  1:38  Command Center  
  20  1:50  Marine  
  20  1:51  Bunker  
  21  1:59  Refinery  
  21  2:00  SCV  
  22  2:04  Refinery  
  22  2:07  Marine  
  23  2:26  Supply Depot  
  23  2:47  Marine  
  23  2:48  SCV  
  23  2:50  Factory  
  23  2:51  Orbital Command  
  25  3:00  SCV  
  26  3:06  Barracks Tech Lab  
  26  3:07  Supply Depot  
  26  3:12  SCV  
  27  3:18  SCV  
  28  3:24  SCV  
  29  3:30  Supply Depot  
  29  3:31  SCV  
  30  3:36  SCV  
  30  3:37  Starport  
  30  3:40  Siege Tank  
  34  3:43  SCV  
  34  3:44  Barracks Tech Lab  
  36  3:48  SCV  
  36  3:55  SCV  
  37  3:59  Command Center  
  37  4:01  SCV  
  38  4:07  SCV  
  39  4:10  Supply Depot  
  39  4:13  Siege Tank  
  39  4:16  Viking  
  44  4:20  SCV  
  44  4:21  SCV  
  46  4:29  Refinery  
  46  4:30  Refinery  
  46  4:32  SCV  
  46  4:34  SCV  
  48  4:41  Engineering Bay  
  48  4:49  Factory  
  48  5:01  Siege Tank  
  48  5:02  SCV  
  48  5:03  SCV  
  48  5:06  Starport Tech Lab  
  53  5:12  Orbital Command  
  53  5:14  SCV  
  53  5:15  SCV  
  53  5:19  Missile Turret  
  53  5:21  Liberator  
  55  5:25  Missile Turret  
  55  5:27  SCV x2  
  57  5:28  Missile Turret  
  57  5:30  Missile Turret  
  57  5:33  Siege Tank  
  60  5:41  SCV  
  64  5:43  SCV  
  64  5:45  SCV  
  66  5:51  Factory  
  66  5:55  Starport  
  66  5:59  SCV x3  
  66  6:04  Liberator  
  69  6:11  SCV x2  
  69  6:12  SCV  
  69  6:13  Missile Turret  
  69  6:15  Siege Tank  
  75  6:23  SCV  
  75  6:24  SCV  
  81  6:26  Orbital Command  
  80  6:43  Refinery, Starport Tech Lab  
  80  6:45  Refinery  
  80  6:47  Missile Turret x2  
  80  6:48  Sensor Tower  
  80  6:55  SCV  
  80  6:56  SCV x2  
  83  7:04  Command Center  
  83  7:13  Factory Reactor  
  83  7:17  Supply Depot  
  83  7:21  Liberator x2, Supply Depot  
  83  7:22  Supply Depot  
  83  7:23  Command Center  
  83  7:24  Command Center  
  83  7:33  SCV x2  
  85  7:38  SCV  
  92  7:45  SCV  
  92  7:48  Starport, Supply Depot x2  
  92  7:49  Starport  
  92  7:51  Armory  
  93  7:52  Widow Mine x2  
  93  7:54  Widow Mine  
  93  7:57  SCV x2  
  101  8:04  Liberator  
  101  8:07  Widow Mine  
  101  8:11  Supply Depot  
  103  8:14  Supply Depot  
  103  8:17  Planetary Fortress  
  106  8:33  Supply Depot  
  106  8:38  Terran Vehicle Weapons Level 1  
  106  8:39  Armory, Starport Tech Lab x2  
  106  8:40  Widow Mine x3  
  106  8:41  Widow Mine, Supply Depot  
  112  8:43  Liberator  
  111  9:00  Raven  
  110  9:09  Siege Tank  
  113  9:10  Fusion Core, Siege Tank  
  113  9:15  Orbital Command x2  
  113  9:16  Barracks  
  116  9:31  Raven x2  
  120  9:33  Widow Mine x2  
  124  9:45  Command Center  
  124  9:47  Terran Ship Weapons Level 1  
  124  9:48  Command Center  
  124  9:52  Liberator  
  124  10:00  Command Center  
  124  10:02  Command Center  
  124  10:03  Missile Turret  
  124  10:04  Missile Turret  
  124  10:05  Drilling Claws  
  124  10:07  Missile Turret, Advanced Ballistics  
  110  10:49  Command Center  
  110  11:00  Siege Tank x2  
  110  11:01  Raven x3  
  122  11:25  Refinery  
  122  11:27  Sensor Tower  
  122  11:28  Missile Turret  
  122  11:29  Refinery, Command Center  
  122  11:31  Command Center  
  122  11:41  Orbital Command  
  122  11:42  Orbital Command  
  122  11:44  Planetary Fortress  
  122  11:48  Planetary Fortress  
  122  11:56  Missile Turret  
  122  12:05  SCV x3  
  122  12:07  Orbital Command  
  119  12:42  Siege Tank x2  
  119  12:43  Raven x4  
  133  12:44  Widow Mine  
  133  12:45  Widow Mine  
  133  12:46  Orbital Command x2  
  137  12:52  SCV x3  
  137  12:53  SCV x3  
  137  12:54  Command Center  
  137  12:57  Command Center  
  143  13:12  Corvid Reactor, Recalibrated Explosives  
  143  13:17  Terran Vehicle Weapons Level 2, Missile Turret  
  143  13:18  Missile Turret  
  143  13:23  Liberator x4  
  141  13:34  Orbital Command  
  134  14:11  Siege Tank x2  
  140  14:29  Liberator x2  
  140  14:42  Sensor Tower  
  140  14:43  Siege Tank  
  143  14:46  Raven x2  
  143  14:48  Widow Mine x2, Command Center, Siege Tank  
  160  15:00  Missile Turret  
  160  15:01  Missile Turret x2  
  160  15:02  Missile Turret  
  160  15:04  Missile Turret  
  145  15:20  Liberator x2  
  131  15:37  Raven x2  
  130  16:02  Siege Tank x2  
  130  16:03  Factory Reactor  
  136  16:11  Planetary Fortress  
  136  16:20  Raven  
  136  16:23  Command Center  
  138  16:25  Missile Turret  
  138  16:27  Liberator  
  138  16:31  Liberator  
  138  16:34  Siege Tank  
  141  16:43  Raven  
  148  16:52  SCV x4  
  153  16:59  Missile Turret  
  153  17:05  Missile Turret x3  
  144  17:35  Raven x3  
  150  17:43  Command Center  
  150  17:50  Planetary Fortress  
  150  18:10  Refinery  
  150  18:14  Refinery  
  150  18:31  Planetary Fortress  
  150  18:47  Missile Turret  
  150  18:48  Missile Turret, Sensor Tower  
  150  18:49  Missile Turret  
  150  18:50  Missile Turret  
  150  18:56  Missile Turret  
  150  18:57  Raven x3  
  156  19:16  Missile Turret  
  156  19:17  Missile Turret  
  156  19:19  Raven  
  156  19:20  Command Center  
  158  19:31  Widow Mine x3  
  158  19:32  Widow Mine  
  166  19:43  Planetary Fortress  
  166  19:46  Raven x2  
  170  20:00  Widow Mine, Refinery  
  170  20:01  Missile Turret x2  
  170  20:02  Missile Turret  
  170  20:03  Missile Turret  
  169  20:22  Planetary Fortress  
  169  20:27  Siege Tank x2  
  175  20:29  Raven  
  173  20:55  Raven x2  
  171  21:29  Refinery  
  171  21:33  Refinery  
  171  21:40  Raven x2  
  174  22:05  Raven  
  175  22:11  Missile Turret x2  
  175  22:13  Missile Turret  
  175  22:27  Missile Turret  
  175  22:42  Raven  
  175  22:43  Raven x2  
  181  22:45  Missile Turret  
  181  22:46  Missile Turret  
  181  22:49  Missile Turret x2  
  181  22:54  Orbital Command  
  181  23:26  Raven x3  
  179  24:11  Command Center  
  179  24:28  Raven x4  
  187  24:51  Terran Vehicle And Ship Armor Level 1  
  187  25:27  Raven  
  186  26:02  Terran Ship Weapons Level 2  
  186  26:04  Missile Turret x2  
  186  26:05  Missile Turret  
  186  26:07  Missile Turret  
  186  26:20  Planetary Fortress  
  182  27:22  Raven x2  
  186  27:42  Sensor Tower  
  186  27:56  Raven  
  188  28:19  Refinery  
  186  28:57  Raven x3  
  188  30:32  Raven x4  
  193  31:14  Raven  
  169  33:05  Refinery  
  169  33:07  Refinery  
  166  33:41  Missile Turret  
  166  33:43  Missile Turret x2  
  166  33:44  Missile Turret  
  166  33:46  Missile Turret  
  166  33:47  Missile Turret  
  166  34:02  Hellion x2  
  171  34:03  Hellion x2  
  171  34:19  Orbital Command  
  171  34:24  Hellion x4  
  179  34:45  Hellion x4  
  185  35:06  Hellion  
  185  35:07  Hellion x3  
  193  35:28  Hellion x2  
  197  35:29  Hellion  
  193  35:49  Hellion x2  
  188  35:50  Hellion  
  190  36:00  Infernal Pre-Igniter  
  192  36:04  Hellion  
  192  36:11  Hellion x3  
  190  36:31  Hellion  
  190  36:32  Hellion x2  
  188  36:33  Hellion  
  188  36:52  Hellion  
  188  36:53  Hellion  
  192  36:56  Hellion x2  
  188  37:14  Hellion  
  188  37:15  Hellion  
  192  37:17  Hellion x2  
  196  37:31  Missile Turret  
  196  37:35  Hellion  
  196  37:36  Hellion  
  198  37:56  Hellion  
  188  38:11  Hellion x3  
  194  38:18  Hellion  
  196  38:33  Hellion x2  
  186  38:43  Hellion x2  
  178  38:54  Hellion x2  
  180  39:04  Hellion x2  
  184  39:15  Hellion x2  
  188  39:26  Hellion x2  
  192  39:37  Hellion x2  
  196  39:47  Hellion x2  
  200  40:00  Terran Vehicle And Ship Armor Level 2, Terran Vehicle Weapons Level 3  
  194  41:09  Raven x3  
Tags
 
Composition
Mech
Matchup
TvZ
Replay Pack
replay pack
Spawn Locations
Close Positions
Add a new tag
Caveats
  • Supply blocks, unpowered buildings, or Contaminate may cause inaccurate times.
  • Supply counts are checked every 10 seconds.